 Dungeon Sprint DCSS version 0.30-a0-862-g1aabd4f9c5 (webtiles) character file.

Game seed: 7356986078493313275

859 dialectric the Nimble (level 7, -1/79 HPs)
             Began as a Troll Fighter on Mar 8, 2023.
             Was an Initiate of Jiyva.
             Slain by a water moccasin (4 damage)
             ... in the Dungeon (Sprint II: "The Violet Keep of Menkaure").
             The game lasted 00:01:33 (160 turns).

dialectric the Nimble (Troll Fighter)                Turns: 160, Time: 00:01:34

Health: -1/79      AC:  4    Str: 24      XL:     7   Next: 71%
Magic:  6/6        EV: 12    Int:  7 (8)  God:    Jiyva [......]
Gold:   729        SH:  0    Dex: 10      Spells: 6/6 levels left

rFire   . . .      SeeInvis .    a - +0 long sword
rCold   . . .      Faith    .    (no shield)
rNeg    . . .      Spirit   .    b - +0 robe
rPois   .          Reflect  .    (helmet restricted)
rElec   .          Rampage  .    (no cloak)
rCorr   .          NoTele   +    (gloves unavailable)
Will    .....                    (boots unavailable)
Stlth   +                        (no amulet)
HPRegen 1.13/turn                (no ring)
MPRegen 0.10/turn                (no ring)

@: lethally poisoned (-1 -> -17), unable to read
A: large, unfitting armour, claws 3, regeneration 1, shaggy fur 1, tough skin 1,
clever 1, deterioration 1, inability to read after injury 2
a: Renounce Religion


You were in the Dungeon.
You worshipped Jiyva.
Jiyva was noncommittal.
You visited 1 branch You collected 729 gold pieces.

Inventory:

Hand Weapons
 a - a +0 long sword (weapon)
Armour
 b - a +0 robe (worn)
 c - a +0 kite shield
Scrolls
 j - a scroll of blinking
Potions
 g - a potion of haste
 h - 2 potions of magic
 i - a potion of berserk rage


   Skills:
 + Level 7.8 Fighting
 + Level 6.3 Long Blades
 * Level 6.1 Armour
 + Level 8.9 Dodging
 - Level 2.6 Shields


You had 6 spell levels left.
You didn't know any spells.
Your spell library was empty.

Dungeon Overview and Level Annotations

Branches:
Dungeon (1/1)

Altars:
Cheibriados
Dithmenos
Elyvilon
Fedhas
Gozag
Hepliaklqana
Kikubaaqudgha
Makhleb
Nemelex Xobeh
Okawaru
Qazlal
Ru
Sif Muna
Trog
Uskayaw
Vehumet
Wu Jian
Xom
Yredelemnul
Zin
The Shining One
Jiyva
Lugonu


Innate Abilities, Weirdness & Mutations

You are too large for most types of armour.
You have claws for hands.
Your natural rate of healing is unusually fast.
You are covered in fur. (AC +1)
You have tough skin. (AC +1)
Your mind is acute. (Int +4, Str/Dex -1)
Your body sometimes deteriorates upon taking damage.
You sometimes lose the ability to read scrolls when taking damage.


Message History

The water moccasin bites you but does no damage.
You hear a distant slurping noise.
You closely miss the water moccasin.
The water moccasin is heavily wounded.
You feel sick. The water moccasin bites you.
* * * LOW HITPOINT WARNING * * *
You are more poisoned.
The water moccasin poisons you!
You hear a distant slurping noise.
You feel much better.
You feel very sick. The water moccasin closely misses you.
The water moccasin barely misses you.
You hit the water moccasin.
The water moccasin is severely wounded.
You feel very sick. The water moccasin barely misses you.
You hear a distant slurping noise.
You barely miss the water moccasin.
The water moccasin is severely wounded.
You feel very sick. The water moccasin bites you!
* * * LOW HITPOINT WARNING * * *
You are more poisoned.
The water moccasin poisons you! The water moccasin closely misses you.
You miss the water moccasin.
The water moccasin is severely wounded.
You feel very sick. The water moccasin bites you.
* * * LOW HITPOINT WARNING * * *
You are lethally poisoned!
The water moccasin poisons you!
You hit the water moccasin.
The water moccasin is almost dead.
* * * LOW HITPOINT WARNING * * *
Your body deteriorates!
You feel dopey.
You feel extremely sick. The water moccasin bites you.
* * * LOW HITPOINT WARNING * * *
The water moccasin bites you.
You die...

##.#.#....###...##▓▓▓▓▓▓
###.##......~~~~~~~~~~~~
.####~~.....~#'########+
..#~~~~~~~..~#..._._._#§
.##~~§~~~§~§~#_._._._.#§
##~~~≈≈≈~§~~~#._._._._#§
~~~~§≈§§§§§§#_._._._.#§
++#~§§§≈≈§§§#._S_._..#~
#≈≈§###≈≈#_.@._...#§ #≈≈
#≈§#._._....#§
#≈≈#.._.....#~
≈≈§≈##########~
#####~~~~~~~~~≈
≈S###~########≈ ○≈≈##~
○≈§≈+~


You could see a water moccasin and a lava snake.

Vanquished Creatures
  4 neqoxecs (D)
  Menkaure (D)
  4 scorpions (D)
  2 worms (D)
11 creatures vanquished.

Vanquished Creatures (others)
  3 slime creatures (D)
  A spectral ball python (D)
  A spectral quokka (D)
5 creatures vanquished.

Grand Total: 16 creatures vanquished

Notes
Turn   | Place    | Note
-------+----------+-------------------------------------------
     0 | D        | dialectric the Troll Fighter began the quest for the Orb.
     0 | D        | Reached XP level 1. HP: 22/22 MP: 0/0
     8 | D        | Noticed a boulder beetle
     8 | D        | Noticed a boulder beetle
    11 | D        | Noticed a scorpion
    11 | D        | Noticed a scorpion
    11 | D        | Noticed a scorpion
    11 | D        | Noticed a scorpion
    14 | D        | Killed a scorpion
    15 | D        | Reached skill level 5 in Dodging
    15 | D        | Reached XP level 2. HP: 32/32 MP: 1/1
    15 | D        | Reached XP level 3. HP: 39/39 MP: 2/2
    18 | D        | Killed a scorpion
    19 | D        | Reached skill level 6 in Dodging
    19 | D        | Reached XP level 4. HP: 44/49 MP: 3/3
    20 | D        | Killed a scorpion
    21 | D        | Reached skill level 5 in Fighting
    21 | D        | Reached XP level 5. HP: 55/57 MP: 4/4
    24 | D        | Reached skill level 7 in Dodging
    31 | D        | Noticed a neqoxec
    31 | D        | Noticed a neqoxec
    31 | D        | Noticed a neqoxec
    31 | D        | Noticed a neqoxec
    37 | D        | Killed a neqoxec
    38 | D        | Reached XP level 6. HP: 48/68 MP: 5/5
    38 | D        | Gained mutation: You occasionally lose the ability to read
                  | scrolls when taking damage. [a neqoxec]
    42 | D        | Killed a neqoxec
    42 | D        | Gained mutation: Your body sometimes deteriorates upon
                  | taking damage. [a neqoxec]
    43 | D        | Reached skill level 5 in Long Blades
    43 | D        | Reached skill level 5 in Armour
    43 | D        | Reached skill level 8 in Dodging
    44 | D        | Gained mutation: You sometimes lose the ability to read
                  | scrolls when taking damage. [a neqoxec]
    46 | D        | Killed a neqoxec
    47 | D        | Reached XP level 7. HP: 46/78 MP: 6/6
    52 | D        | Gained mutation: Your mind is acute. (Int +4, Str/Dex -1)
                  | [a neqoxec]
    54 | D        | Killed a neqoxec
    99 | D        | Noticed a flying skull
    99 | D        | Noticed a flying skull
    99 | D        | Noticed a flying skull
    99 | D        | Noticed a flying skull
    99 | D        | Noticed a flying skull
   100 | D        | Noticed a flying skull
   100 | D        | Noticed a flying skull
   100 | D        | Noticed a flying skull
   100 | D        | Noticed a flying skull
   101 | D        | Noticed a flying skull
   101 | D        | Noticed Menkaure
   101 | D        | Noticed a flying skull
   106 | D        | Noticed a flying skull
   111 | D        | Killed Menkaure
   126 | D        | Found a glowing golden altar of the Shining One.
   126 | D        | Found an ornate altar of the Wu Jian Council.
   127 | D        | Found a shimmering altar of Xom.
   127 | D        | Found a sacrificial altar of Ru.
   128 | D        | Found a basalt altar of Yredelemnul.
   128 | D        | Found a shimmering blue altar of Sif Muna.
   129 | D        | Found a glowing silver altar of Zin.
   129 | D        | Found a bloodstained altar of Trog.
   129 | D        | Found an ancient bone altar of Kikubaaqudgha.
   129 | D        | Found a stormy altar of Qazlal.
   129 | D        | Found a viscous altar of Jiyva.
   130 | D        | Found a hide-covered altar of Uskayaw.
   130 | D        | Found a corrupted altar of Lugonu.
   130 | D        | Found a shadowy altar of Dithmenos.
   130 | D        | Found a hazy altar of Hepliaklqana.
   130 | D        | Found a snail-covered altar of Cheibriados.
   131 | D        | Found a radiant altar of Vehumet.
   131 | D        | Found a burning altar of Makhleb.
   131 | D        | Found a white marble altar of Elyvilon.
   132 | D        | Found a sparkling altar of Nemelex Xobeh.
   132 | D        | Found a blossoming altar of Fedhas.
   134 | D        | Found an iron altar of Okawaru.
   134 | D        | Found an opulent altar of Gozag.
   141 | D        | Became a worshipper of Jiyva Jiloemuz the Shapeless
   144 | D        | Killed a slime creature
   145 | D        | Killed a slime creature
   149 | D        | Killed a slime creature
   160 | D        | HP: 3/79 [water moccasin (5)]
   160 | D        | Slain by a water moccasin

Illustrated notes

Levels and vault maps discovered:
D:        the_violet_keep_of_menkaure [sprint2_stairs_cluster_1,
          sprint2_shoproom, sprint2_temple, sprint2_basic_supplies,
          sprint2_obstacle_7, sprint2_obstacle_5, sprint2_obstacle_1,
          sprint2_obstacle_4, sprint2_obstacle_2, sprint2_timed_cluster_1,
          sprint2_smallroom_cluster_1, sprint2_smallroom_final_cluster_1,
          sprint2_transparent_cluster_1, sprint2_second_timed_cluster_1,
          sprint2_sniper_area_1, sprint2_heavy_combat_area_1,
          sprint2_mutation_trap_area_1, sprint2_forest_area_1,
          sprint2_light_combat_area_1, sprint2_behind_water_1,
          sprint2_near_end_vault_1]

Skill      XL: |  1  2  3  4  5  6  7 |
---------------+----------------------+-----
Fighting       | 3 4 5 6 7 |  7.8
Long Blades    | 2 3 4 5 6 |  6.3
Dodging        | 5 6 7 8 |  8.9
Armour         | 2 4 5 6 |  6.1
Shields        | |  2.6

Action                     |  1- 3 |  4- 6 |  7- 9 || total
---------------------------+-------+-------+-------++-------
  Melee: Long sword        |     6 |    19 |    44 ||    69
         Punch             |     1 |       |       ||     1
    Use: Potion            |     1 |       |     2 ||     3
 Armour: Robe              |     3 |     3 |     5 ||    11
  Dodge: Dodged            |     3 |     4 |    20 ||    27

Table legend: (Time is in decaauts)
 A = Elapsed time spent in this place.
 B = Non-inter-level travel time spent in this place.
 C = Inter-level travel time spent in this place.
 D = Time resting spent in this place.
 E = Time spent auto-exploring this place.
 F = Levels seen in this place.
 G = Mean time per level.
                   A        B        C        D        E       F      G
               +--------+--------+--------+--------+--------+-----+--------+
         Total |    169 |    169 |      0 |      6 |      0 |   1 |  169.0 |
       Dungeon |    169 |    169 |      0 |      6 |      0 |   1 |  169.0 |
               +--------+--------+--------+--------+--------+-----+--------+

Top non-repeatable levels by time:
       D: 169 daAuts
